 Dungeon Crawl Stone Soup version 0.17.0-57-g0e89251 (webtiles) character file.

116 Razzik the Sneak (level 4, -1/36 HPs)
             Began as a Vampire Assassin on Dec 7, 2015.
             Slain by Grinder (5 damage)
             ... while paralysed by Grinder
             ... on level 3 of the Dungeon.
             The game lasted 00:32:07 (1897 turns).

Razzik the Sneak (Vampire Assassin)                 Turns: 1897, Time: 00:32:07

Health: -1/36      AC:  7    Str: 10    XL:     4   Next: 69%
Magic:  4/4        EV:  2    Int: 16    God:
Gold:   99         SH:  0    Dex: 16    Spells: 0 memorised, 3 levels left

rFire  . . .     SeeInvis +     a - +2 dagger
rCold  . . .     Clarity  .     j - +0 leather armour
rNeg   . . .     SustAt   .     (no shield)
rPois  .         Gourm    .     (no helmet)
rElec  .         Spirit   .     d - +0 cloak
rCorr  .         Warding  .     s - +0 pair of gloves
rMut   .         Stasis   .     (no boots)
MR     .....                    (no amulet)
Stlth  ++++......               (no ring)
                                y - +3 ring of intelligence

@: paralysed, regenerating quickly, not resistant to hostile enchantments,
stealthy
A: fangs 3, yellow scales 1, see invisible, robust 1, spit poison 1, unbreathing
a: Spit Poison


You were on level 3 of the Dungeon.
You were full.

You visited 1 branch of the dungeon, and saw 3 of its levels.

You collected 99 gold pieces.

Inventory:

Hand Weapons
 a - a +2 dagger (weapon)
 b - a +0 blowgun
 u - a +0 dagger
Missiles
 c - 16 arrows of frost
 e - 8 poisoned needles
 f - 2 curare-tipped needles
Armour
 d - a +0 cloak (worn)
 j - a +0 leather armour (worn)
 m - a +2 buckler
 s - a +0 pair of gloves (worn)
Jewellery
 i - an uncursed amulet of resist corrosion
 y - a +3 ring of intelligence (left hand)
Scrolls
 h - 3 scrolls of teleportation
 k - 4 scrolls of remove curse
 n - a scroll of recharging
 o - a scroll of enchant armour {unknown}
 p - a scroll of enchant weapon {unknown}
 r - a scroll of magic mapping {unknown}
 v - 2 scrolls of identify
Potions
 g - 20 potions of blood
 l - 2 potions of might


   Skills:
 + Level 2.1 Fighting
 + Level 2.8 Short Blades
 + Level 1.5 Throwing
 + Level 0.8 Armour
 + Level 3.0 Dodging
 + Level 7.1 Stealth


You had 3 spell levels left.
You didn't know any spells.

Dungeon Overview and Level Annotations

Branches:
Dungeon (3/15)

Altars:
Trog

Annotations:
D:3 Grinder


Innate Abilities, Weirdness & Mutations

Your natural rate of healing is unusually fast.
You have razor-sharp teeth.
You have supernaturally acute eyesight.
You can survive without breathing.
You are partially covered in yellow scales (AC +2).
You are robust (+10% HP).
You can spit weak poison.


Message History

Grinder is heavily wounded.
You feel slightly less full. Grinder hits you but does no damage.
You barely miss Grinder. You bite Grinder, but do no damage.
Grinder is heavily wounded.
You hit Grinder.
Grinder is heavily wounded.
Grinder hits you.
You writhe in agony.
You can't do that yet.
You hit Grinder but do no damage.
Grinder is heavily wounded.
Grinder hits you.
You writhe in agony.
* * * LOW HITPOINT WARNING * * *
Grinder gestures at you.
You suddenly lose the ability to move!
You have got your breath back.
Grinder says, "There's only one good use for a tongue: cutting it out."
Grinder hits you.
* * * LOW HITPOINT WARNING * * *
You writhe in agony.
You die...

##.#.# #.##.....# #
####....#####.####...####
+.......................+
###....#####........####
##.#.###########.## #
#.......# #....#
#....##.# #.####
###....##.# #.#
#.....@...# #.# ##
#.....5$..# #.# #.
#.........# #.# #.
...##.......# #.# #. ##.
##...#### #.# #. #...#
#.#######. ###.#
#......... ..# #########.
### #.


You could see Grinder.

Vanquished Creatures
  Robin (D:2)
  4 adders (D:2)
  2 oozes
  A worm (D:2)
  3 giant geckos
  A ball python (D:1)
  5 bats
  3 giant cockroaches
  7 hobgoblins
  3 giant newts (D:1)
  12 goblins
  7 kobolds
  A quokka (D:2)
  10 rats
60 creatures vanquished.

Notes
Turn   | Place    | Note
--------------------------------------------------------------
     0 | D:1      | Razzik the Vampire Assassin began the quest for the Orb.
     0 | D:1      | Reached XP level 1. HP: 16/16 MP: 1/1
    48 | D:1      | Reached skill level 6 in Stealth
    74 | D:1      | Reached XP level 2. HP: 11/22 MP: 2/2
   758 | D:2      | Reached XP level 3. HP: 18/27 MP: 3/3
   947 | D:2      | Noticed Robin
  1002 | D:2      | Killed Robin
  1005 | D:2      | Gained mutation: You can spit weak poison. [potion of mutation]
  1005 | D:2      | Gained mutation: You are robust (+10% HP). [potion of mutation]
  1005 | D:2      | Gained mutation: You are partially covered in yellow scales (AC +2). [potion of mutation]
  1013 | D:2      | Reached XP level 4. HP: 17/36 MP: 4/4
  1151 | D:2      | Reached skill level 7 in Stealth
  1652 | D:3      | Found a bloodstained altar of Trog.
  1864 | D:3      | Noticed Grinder
  1882 | D:3      | Paralysed by Grinder for 3 turns
  1895 | D:3      | Paralysed by Grinder for 6 turns
  1897 | D:3      | Slain by Grinder

Action                   |  1- 3 |  4- 6 || total
-------------------------+-------+-------++-------
Melee: Dagger            |   156 |    57 ||   213
       Short sword       |       |    18 ||    18
 Abil: Spit Poison       |       |     1 ||     1
  Use: Potion            |     9 |     3 ||    12
       Scroll            |     1 |     3 ||     4
 Stab: Sleeping          |     4 |     3 ||     7
